 Dungeon Crawl Stone Soup version 0.29.1-1-gd02db6906a (webtiles) character file.

Game seed: 4346671331926084820

34202 LustLizard the Destroyer (level 13, -11/115 HPs)
             Began as a Hill Orc Fire Elementalist on Sept 27, 2022.
             Was a High Priest of Beogh.
             Mangled by a dire elephant (29 damage)
             ... on level 5 of the Lair of Beasts.
             The game lasted 00:55:20 (23183 turns).

LustLizard the Destroyer (HOFE)                    Turns: 23183, Time: 00:55:20

Health: -11/115    AC: 13    Str: 22    XL:     13   Next: 75%
Magic:  3/19       EV:  8    Int: 19    God:    Beogh [*****.]
Gold:   1384       SH:  5    Dex: 11    Spells: 15/21 levels left

rFire   + . .      SeeInvis .   E - +3 spear of Uskayaw, Devouring {vorpal, rF+ Str+5}
rCold   . . .      Faith    .   (no shield)
rNeg    . . .      Spirit   .   w - +0 chain mail of the Furies {+Inv Regen+ Str+5}
rPois   +          Reflect  +   q - +1 helmet
rElec   .          Harm     .   M - scarf {repulsion}
rCorr   .          Rampage  .   (no gloves)
Will    .....                   x - +0 pair of boots
Stlth   ..........              H - amulet of reflection
HPRegen 1.09/turn               U - ring of poison resistance
MPRegen 0.16/turn               s - +4 ring of slaying

@: repel missiles
A: walk on water
a: Renounce Religion, Evoke Invisibility, Smiting, Recall Orcish Followers, Give
Item to Named Follower


You were on level 5 of the Lair of Beasts.
You worshipped Beogh.
Beogh was extremely pleased with you.
You visited 2 branches of the dungeon, and saw 16 of its levels.
You also visited: Sewer, Ice Cave and Volcano.

You collected 1384 gold pieces.

Inventory:

Hand Weapons
 d - a +0 dagger
 f - a +0 hand axe
 E - the +3 spear of Uskayaw, Devouring (weapon) {vorpal, rF+ Str+5}
   (You found it on level 6 of the Dungeon)

   It inflicts extra damage upon your enemies.
   Str:       It affects your strength (+5).
   rF:        It protects you from fire.
Armour
 a - a +0 robe
 j - a +0 leather armour
 q - a +1 helmet (worn)
 w - the +0 chain mail of the Furies (worn) {+Inv Regen+ Str+5}
   (You acquired it on level 8 of the Dungeon)

   Str:       It affects your strength (+5).
   +Inv:      It lets you turn invisible.
   Regen:     It increases your rate of health regeneration.
 x - a +0 pair of boots (worn)
 I - a +0 cloak
 M - a scarf of repulsion (worn)
Jewellery
 p - a +4 ring of evasion
 s - a +4 ring of slaying (right hand)
 t - a ring of wizardry
 y - a +6 ring of dexterity
 H - an amulet of reflection (around neck)
 P - a ring of protection from fire
 T - a +6 ring of dexterity
 U - a ring of poison resistance (left hand)
 V - a +6 ring of dexterity
Wands
 u - a wand of polymorph (4)
 L - a wand of flame (34)
 Q - a wand of iceblast (15)
 S - a wand of mindburst (7)
 Z - a wand of digging (6)
Scrolls
 g - 3 scrolls of immolation
 h - 4 scrolls of enchant weapon {unknown}
 k - 2 scrolls of teleportation
 m - 2 scrolls of enchant armour {unknown}
 n - a scroll of magic mapping
 o - 3 scrolls of poison {unknown}
 r - 5 scrolls of noise
 v - 4 scrolls of blinking {unknown}
 C - a scroll of summoning {unknown}
 F - a scroll of torment {unknown}
 G - 2 scrolls of amnesia
 N - 2 scrolls of brand weapon {unknown}
 R - 2 scrolls of vulnerability
 Y - a scroll of silence {unknown}
Potions
 b - a potion of magic
 c - 11 potions of curing
 e - 7 potions of flight
 i - a potion of resistance
 l - 4 potions of attraction
 z - 2 potions of berserk rage
 A - 5 potions of degeneration
 D - 4 potions of might
 J - a potion of mutation
 K - 3 potions of haste
 O - 2 potions of invisibility


   Skills:
 + Level 10.8 Fighting
 - Level 4.0(4.8) Axes
 - Level 3.2(4.0) Polearms
 * Level 5.1 Armour
 - Level 1.5 Dodging
 - Level 1.5 Stealth
 - Level 4.5 Spellcasting
 * Level 12.9 Conjurations
 - Level 4.5 Translocations
 - Level 6.0 Fire Magic
 * Level 12.6 Earth Magic
 + Level 4.2 Invocations


You had 15 spell levels left.
You knew the following spells:

 Your Spells              Type           Power      Damage    Failure   Level
a - Foxfire               Conj/Fire      100%       2x1d9     1%          1
b - Blink                 Tloc           42%        N/A       24%         2
c - Stone Arrow           Conj/Erth      100%       3d13      1%          3

Your spell library contained the following spells:

 Spells                   Type           Power      Damage    Failure   Level
 Magic Dart               Conj           100%       1d8       1%          1
 Conjure Flame            Conj/Fire      40%        6-21      6%          3
 Static Discharge         Conj/Air       28%        3-7/arc   11%         2
 Scorch                   Fire           54%        2d7       13%         2
 Iskenderun's Battlesphe  Conj           52%        2d10      14%         5
 Flame Wave               Conj/Fire      40%        2d11      21%         4
 Sticky Flame             Conj/Fire      40%        2d6       21%         4
 Lesser Beckoning         Tloc           21%        N/A       43%         3
 Mephitic Cloud           Conj/Pois/Air  20%        N/A       45%         3
 Hailstorm                Conj/Ice       28%        3d8       56%         4
 Animate Armour           Summ/Erth      56%        N/A       58%         4
 Iron Shot                Conj/Erth      26%        9d6       63%         6
 Inner Flame              Hex/Fire       15%        N/A       65%         3
 Freeze                   Ice            16%        1d4       71%         1
 Necrotise                Necr           16%        1d4       71%         1
 Call Imp                 Summ           4%         N/A       83%         2
 Borgnjor's Vile Clutch   Necr/Erth      14%        N/A       91%         5
 Confusing Touch          Hex            4%         N/A       97%         3
 Frozen Ramparts          Ice            8%         1d2       97%         3
 Vampiric Draining        Necr           4%         2d6       97%         3
 Manifold Assault         Tloc           21%        N/A       99%         5
 Dispel Undead            Necr           4%         3d7       100%        4
 Agony                    Necr           4%         N/A       100%        5
 Alistair's Intoxication  Tmut/Pois      2%         N/A       100%        5
 Yara's Violent Unravell  Hex/Tmut       2%         3d3       100%        5
 Eringya's Noxious Bog    Tmut/Pois      2%         N/A       100%        6
 Enfeeble                 Hex            2%         N/A       100%        7
 Spellforged Servitor     Conj/Summ      14%        N/A       100%        7
 Lehudib's Crystal Spear  Conj/Erth      26%        10d7      100%        8


Dungeon Overview and Level Annotations

Branches:
Dungeon (11/15)            Temple (0/1) D:4            Lair (5/5) D:8
  Swamp (0/4) Lair:3       Spider (0/4) Lair:2        Slime (0/5) Lair:5
    Orc (0/2) D:9           Sewer (visited)           IceCv (visited)
Volcano (visited)

Altars:
Ashenzari
Dithmenos
Elyvilon
Fedhas
Gozag
Hepliaklqana
Makhleb
Trog
Uskayaw
Vehumet
Zin
The Shining One

Shops:
D:3 !   D:6 *   D:11 *


Message History

* * * LOW HITPOINT WARNING * * *
You hold your ground!
The dire elephant trunk-slaps you but does no damage.
Casting: Stone Arrow (safe; 1% risk of failure)
Confirm with . or Enter, or press ? or * to list all spells.
Aiming: Stone Arrow (safe; 1% risk of failure)
Press: ? - help, Shift-Dir - straight line, f/p - dire elephant
Aim: a dire elephant (heavily wounded, ally target, 100% to hit)
Okay, then.
Okay, then.
Casting: Stone Arrow (safe; 1% risk of failure)
Confirm with . or Enter, or press ? or * to list all spells.
Aiming: Stone Arrow (safe; 1% risk of failure)
Press: ? - help, Shift-Dir - straight line, f/p - dire elephant
Aim: a dire elephant (heavily wounded, ally target, 100% to hit)
The stone arrow hits the dire elephant!
The dire elephant is severely wounded.
Spirok hits the dire elephant!
The dire elephant tramples you but does no damage.
The dire elephant trunk-slaps you but does no damage.
Casting: Stone Arrow (safe; 1% risk of failure)
Confirm with . or Enter, or press ? or * to list all spells.
You don't have enough magic to cast this spell.
Unknown command.
You hit the dire elephant.
The dire elephant is severely wounded.
Spirok hits the dire elephant!
The dire elephant tramples Spirok.
Spirok holds its ground!
The dire elephant completely misses Spirok.
You puncture the dire elephant!
The dire elephant is almost dead.
Spirok hits the dire elephant.
The dire elephant tramples you but does no damage.
The dire elephant trunk-slaps you.
* * * LOW HITPOINT WARNING * * *
You barely miss the dire elephant.
The dire elephant is almost dead.
Spirok hits the dire elephant but does no damage.
The dire elephant tramples you!!
You die...

..##................P............
.................................
.................................
...♣♣..♣♣....♣♣...♣......♣♣......
.♣♣♣♣♣♣♣♣♣..♣♣♣♣♣♣♣♣.....♣♣♣♣....
♣♣ ♣♣♣♣ ♣♣♣♣♣♣♣♣♣ ♣♣♣.. .♣ ♣♣.♣♣♣
♣♣♣ .♣ ♣♣....♣ .♣♣ ♣@Y...♣ ††♣♣
♣♣♣.o♣♣..♣ ...♣♣♣ ♣♣...♣♣ ..♣
♣.♣..♣♣♣♣ ♣♣♣♣...♣♣ .
..♣♣♣...♣♣♣....♣♣♣ .♣♣
♣♣.......♣♣♣ ♣ ♣♣.♣♣P♣♣♣ ♣♣♣♣♣+


You could see a dire elephant (ally target) and the friendly Spirok the orc
knight.

Vanquished Creatures
  A boulder beetle (Lair:5)
  A catoblepas (Lair:2)
  A two-headed ogre (D:10)
  2 cyclopes (D:11)
  3 black mambas (Lair:4)
  4 elephants
  6 cane toads
  An unseen horror (D:11)
  A kobold demonologist (D:11)
  Psyche (D:8)
  4 komodo dragons
  5 rime drakes
  3 trolls
  6 polar bears (IceCv)
  24 blink frogs
  2 wraiths
  3 fire bats
  A basilisk (Lair:3)
  21 yaks
  Grum (D:9)
  A vampire (D:10)
  2 wyverns
  2 vampire mosquitoes (D:11)
  A steam dragon (D:8)
  2 redbacks (Lair:2)
  15 water moccasins
  3 orc warriors
  An ice beast (D:7)
  A black bear (Lair:1)
  A sky beast (D:6)
  5 ogres
  19 wolves
  4 centaurs
  2 kobold brigands
  5 bullfrogs
  3 scorpions
  5 wights (D:10)
  4 killer bees (D:9)
  5 electric eels
  5 howler monkeys
  3 jellies
  5 lava snakes (Volcano)
  5 hounds
  5 orc priests
  Crazy Yiuf (D:7)
  4 iguanas
  A merfolk siren (Sewer)
  10 orc wizards
  6 hell rats (Lair:1)
  A merfolk avatar (Sewer)
  Robin (D:2)
  5 gnolls
  12 adders
  19 river rats
  A white imp (D:7)
  An ufetubus (D:5)
  2 worms
  3 dart slugs
  24 orcs
  13 ball pythons
  5 endoplasms
  A giant cockroach (Sewer)
  15 goblins
  6 hobgoblins
  3 jackals (D:1)
  12 quokkas
  4 bats
  5 frilled lizards
  12 kobolds
  45 rats
407 creatures vanquished.

Vanquished Creatures (collateral kills)
  A boulder beetle (Lair:5)
  A catoblepas (Lair:5)
  An ugly thing (D:11)
  An oklob plant (Lair:2)
  An elephant (Lair:1)
  3 black mambas
  5 cane toads
  A komodo dragon (Lair:5)
  A rime drake (Lair:5)
  2 polar bears
  A dream sheep (Lair:5)
  20 blink frogs
  4 yaks (Lair:5)
  2 fire bats (Lair:2)
  3 basilisks
  A vampire mosquito (D:11)
  4 water moccasins
  An orc warrior (D:11)
  A black bear (Lair:1)
  3 bullfrogs
  An adder (Lair:4)
  A kobold (D:11)
  5 bushes (Lair:2)
  4 foxfires
68 creatures vanquished.

Vanquished Creatures (others)
  An orc knight (Lair:3)
  An orc warrior (D:11)
  2 orc priests
  An adder (D:6)
  6 orcs
  1334 foxfires
  10 fungi
  19 plants
1374 creatures vanquished.

Grand Total: 1849 creatures vanquished

Notes
Turn   | Place    | Note
-------+----------+-------------------------------------------
     0 | D:1      | LustLizard the Hill Orc Fire Elementalist began the quest
                  | for the Orb.
     0 | D:1      | Reached XP level 1. HP: 14/14 MP: 3/3
   283 | D:1      | Reached XP level 2. HP: 14/22 MP: 0/4
   454 | D:1      | Reached skill level 1 in Fighting
   709 | D:1      | Reached XP level 3. HP: 10/28 MP: 1/5
  1895 | D:2      | Noticed Robin
  2088 | D:2      | Killed Robin
  2089 | D:2      | Reached XP level 4. HP: 29/35 MP: 0/7
  2217 | D:2      | Found a broken altar of Ashenzari.
  2994 | D:3      | Found Vyddir's Distillery.
  3038 | D:3      | Found a faded altar of an unknown god.
  3055 | D:3      | Learned a level 2 spell: Blink
  3059 | D:3      | Learned a level 3 spell: Stone Arrow
  3210 | D:3      | Noticed a scorpion
  3295 | D:3      | Killed a scorpion
  3296 | D:3      | Reached XP level 5. HP: 31/41 MP: 1/8
  3381 | D:3      | You fall into a shaft and drop 1 floor!
  3450 | D:4      | Noticed an ogre
  3622 | D:4      | Killed an ogre
  3623 | D:4      | Reached skill level 1 in Axes
  3623 | D:4      | Reached skill level 1 in Translocations
  3623 | D:4      | Reached skill level 1 in Earth Magic
  3623 | D:4      | Reached XP level 6. HP: 29/48 MP: 2/9
  3630 | D:4      | Identified a scroll of acquirement
  3745 | D:4      | Found a glowing drain.
  3758 | Sewer    | Entered a sewer
  4305 | Sewer    | Reached skill level 5 in Fire Magic
  4711 | D:4      | Reached XP level 7. HP: 56/56 MP: 1/10
  5351 | D:4      | Found a staircase to the Ecumenical Temple.
  5923 | D:5      | Entered Level 5 of the Dungeon
  6176 | D:5      | Found a blossoming altar of Fedhas.
  7289 | D:6      | Became a worshipper of Beogh the Brigand
  7533 | D:6      | Found Oleew's Gadget Gallery.
  7565 | D:6      | Reached XP level 8. HP: 53/63 MP: 5/11
  8030 | D:6      | Identified the +3 spear of Uskayaw, Devouring {vorpal, rF+
                  | Str+5}
  8045 | D:6      | Found a hide-covered altar of Uskayaw.
  8046 | D:6      | Found a shadowy altar of Dithmenos.
  8046 | D:6      | Found a glowing silver altar of Zin.
  8047 | D:6      | Found a radiant altar of Vehumet.
  8050 | D:6      | Found a white marble altar of Elyvilon.
  8051 | D:6      | Found a burning altar of Makhleb.
  8079 | D:6      | Found a glowing golden altar of the Shining One.
  8636 | D:7      | Reached skill level 5 in Conjurations
  9028 | D:7      | Reached XP level 9. HP: 71/71 MP: 10/13
  9244 | D:7      | Reached * piety under Beogh
  9586 | D:7      | Found a runed translucent door.
  9587 | D:7      | Noticed Crazy Yiuf
  9593 | D:7      | Killed Crazy Yiuf
  9614 | D:8      | Acquired the +0 chain mail of the Furies {+Inv Regen+
                  | Str+5}
  9860 | D:8      | Reached skill level 5 in Earth Magic
 10449 | D:8      | Noticed a troll
 10476 | D:8      | Killed a troll
 10477 | D:8      | Reached skill level 5 in Fighting
 10586 | D:8      | Found a staircase to the Lair.
 10605 | D:8      | Noticed Psyche
 10614 | D:8      | Killed Psyche
 10895 | D:8      | Found an opulent altar of Gozag.
 10896 | D:8      | Found a hazy altar of Hepliaklqana.
 10918 | D:8      | Reached XP level 10. HP: 26/83 MP: 9/16
 11289 | D:9      | Reached ** piety under Beogh
 12053 | D:9      | Noticed Grum
 12073 | D:9      | Killed Grum
 12283 | D:9      | Found a staircase to the Orcish Mines.
 12683 | D:10     | Entered Level 10 of the Dungeon
 12756 | D:10     | Reached skill level 1 in Polearms
 13719 | D:10     | Noticed a two-headed ogre
 13726 | D:10     | Killed a two-headed ogre
 13727 | D:10     | Reached XP level 11. HP: 92/92 MP: 11/17
 14019 | D:10     | Reached *** piety under Beogh
 14271 | D:11     | Noticed a cyclops
 14285 | D:11     | Killed a cyclops
 14402 | D:11     | Noticed a purple ugly thing
 14410 | D:11     | Killed a purple ugly thing
 14542 | D:11     | Found Itoanwo's Assorted Antiques.
 14818 | D:11     | Identified the +6 long sword of Wealth {vorpal, +Blink}
 14870 | D:11     | Noticed a cyclops
 14880 | D:11     | Killed a cyclops
 15095 | Lair:1   | Entered Level 1 of the Lair of Beasts
 15284 | Lair:1   | Identified the +5 shortbow "Tec Oxa" {freeze, Stlth+}
 15663 | Lair:1   | Reached skill level 10 in Conjurations
 15885 | Lair:1   | Reached **** piety under Beogh
 16292 | Lair:2   | Found a hole to the Spider Nest.
 16458 | Lair:2   | Gained Olfrun as an ally
 16467 | Lair:2   | Found a bloodstained altar of Trog.
 16485 | Lair:2   | Found a dark tunnel.
 16496 | Volcano  | Entered a volcano
 16908 | Volcano  | Found a radiant altar of Vehumet.
 16908 | Volcano  | Noticed a two-headed ogre
 16908 | Volcano  | Noticed an ogre mage
 16908 | Volcano  | Noticed a two-headed ogre
 16908 | Volcano  | Noticed a two-headed ogre
 16916 | Volcano  | Noticed a hell knight
 17080 | Lair:2   | Reached XP level 12. HP: 103/103 MP: 18/18
 17198 | Lair:2   | Reached skill level 10 in Earth Magic
 17409 | Lair:2   | Noticed a catoblepas
 17428 | Lair:2   | Killed a catoblepas
 18054 | Lair:3   | Your ally Olfrun died
 18115 | Lair:3   | Found a staircase to the Swamp.
 18118 | Lair:3   | Reached ***** piety under Beogh
 18174 | Lair:3   | Found a frozen archway.
 18258 | IceCv    | Entered an ice cave
 19508 | IceCv    | Reached skill level 10 in Fighting
 19618 | IceCv    | Noticed a death yak
 19618 | IceCv    | Noticed a death yak
 20504 | Lair:4   | Reached XP level 13. HP: 113/113 MP: 16/19
 20546 | Lair:4   | Reached skill level 1 in Armour
 20546 | Lair:4   | Reached skill level 1 in Invocations
 20710 | Lair:4   | Gained Spirok as an ally
 21696 | Lair:4   | Found the +8 whip "Snakebite" {venom, curare, rPois}
 21809 | Lair:5   | Entered Level 5 of the Lair of Beasts
 22465 | Lair:5   | Found a staircase to the Slime Pits.
 23076 | Lair:5   | Reached skill level 5 in Armour
 23169 | Lair:5   | Noticed a dire elephant
 23183 | Lair:5   | Mangled by a dire elephant

Illustrated notes

Levels and vault maps discovered:
D:1:      dpeg_arrival_short_road, layout_loops_ring, minivault_5
D:2:      layout_rooms, basic_altar, serial_corexii_hall,
          corexii_hall_statues_s, corexii_hall_statues_u,
          corexii_hall_statues_deadend, corexii_hall_statues_i, uniq_robin
D:3:      layout_basic, shapermc_ecumenical_altar_starsandcircs, serial_shops,
          shop, serial_bayou_ford_a
D:4:      layout_loops_corners, minmay_temple_entry_enclosed_plants,
          portal_sewer_entry_b, serial_glass, glass_columns_a, glass_columns_a,
          palyth_stone_intersect
D:5:      layout_basic, mainiacjoe_overflow_concentric_impassable,
          serial_curves, eino_curves_03, eino_curves_04, eino_curves_03,
          eino_curves_03, minmay_misc_feat_enclosed, chequers_jeans
D:6:      layout_rooms, tso_altar, minitemple, nicolae_shop_gadgets
D:7:      layout_basic, uniq_crazy_yiuf_cottage
D:8:      layout_loops_ring, mainiacjoe_overflow_large_starburst,
          erik_lair_island, kennysheep_generic_room_11, uniq_psyche
D:9:      layout_basic, orc_0_dummy, evilmike_minifort, uniq_grum
D:10:     layout_long_grid
D:11:     layout_gridville, serial_shops, nicolae_take_the_stairs
Lair:1:   lemuel_ratsnest, layout_hall_layers, chequers_serial_rivers_micro_c,
          grunt_megastairs_1
Lair:2:   layout_chaotic_city, spider_nest_entry_webs,
          nicolae_volcano_entry_batcave, basic_altar, minmay_lair_oklob_bushes,
          infiniplex_staircase_pool
Lair:3:   layout_misc_corridors, swamp_mist_pool, portal_ice_cave_rime,
          grunt_megastairs_3
Lair:4:   minmay_guarded_unrand_snakebite, layout_loops_ring
Lair:5:   evil_forest, layout_gridlike, slime_entry_1

Skill      XL: |  1  2  3  4  5  6  7  8  9 10 11 12 13 |
---------------+----------------------------------------+-----
Fighting       | 1 2 3 4 5 7 8 10 | 10.8
Conjurations   | 2 3 4 5 7 8 10 12 | 12.9
Fire Magic     | 4 5 6 |  6.0
Spellcasting   | 2 3 4 |  4.5
Axes           | 1 2 4 |  4.0
Translocations | 1 2 3 4 |  4.5
Earth Magic    | 1 2 4 6 8 9 11 12 | 12.6
Polearms       | 2 3 |  3.2
Armour         | 5 |  5.1
Invocations    | 4 |  4.2
Dodging        | |  1.5
Stealth        | |  1.5

Action                   |  1- 3 |  4- 6 |  7- 9 | 10-12 | 13-15 || total
-------------------------+-------+-------+-------+-------+-------++-------
Melee: Hand axe          |    60 |    83 |    25 |       |       ||   168
       Punch             |     2 |     1 |     1 |     7 |     4 ||    15
       Spear             |       |       |   105 |   551 |   153 ||   809
 Cast: Foxfire           |    42 |   109 |   205 |   298 |   115 ||   769
       Blink             |       |     2 |       |       |       ||     2
       Stone Arrow       |       |       |       |    62 |    28 ||    90
Invok: Convert to Beogh  |       |       |     1 |       |       ||     1
       Recall Orcish Fol |       |       |       |     3 |     2 ||     5
  Use: Scroll            |     4 |     3 |     7 |    11 |     5 ||    30
       Potion            |       |     1 |       |     5 |     3 ||     9
 Stab: Sleeping          |     1 |       |       |       |       ||     1
       Distracted        |       |       |       |       |     1 ||     1
Armor: Robe              |     7 |    25 |    13 |       |       ||    45
       Chain mail        |       |       |    39 |   233 |    87 ||   359
Dodge: Dodged            |    49 |    73 |    83 |   298 |    72 ||   575
       Repelled          |       |       |       |     2 |       ||     2
Block: Other             |       |       |    25 |   118 |    39 ||   182
       Reflection        |       |       |       |     3 |       ||     3
